| TOP OF THE 1ST |
|
California Angels batting - Pitching for Houston Astros : LHP Mat Pear
|
|
Pitching: LHP Mat Pear
|
|
|
Batting: RHB Alain Delhaye
|
0-0: Ground out 5-3 (Groundball, 56S, EV 80.6 MPH)
|
|
Batting: RHB Nick Dunn
|
0-0: Called Strike 0-1: SINGLE (Groundball, 6MS, EV 69.4 MPH) (infield hit)
|
|
Batting: LHB Rusty Ney
|
0-0: Ball 1-0: Called Strike 1-1: Ball 2-1: Swinging Strike 2-2: Foul Ball, location: 2F 2-2: Ball 3-2: Strikes out swinging Nick Dunn is caught stealing 2nd base 2-6 Batter strikes out.
|
| Top of the 1st over - 0 runs, 1 hit, 0 errors, 0 left on base; California 0 - Houston 0 |
| BOTTOM OF THE 1ST |
|
Houston Astros batting - Pitching for California Angels : RHP Danny White
|
|
Pitching: RHP Danny White
|
|
|
Batting: LHB Eric Katz
|
0-0: Ball 1-0: Swinging Strike 1-1: Swinging Strike 1-2: Fly out, F8 (Flyball, 8LXD, EV 108.8 MPH)
|
|
Batting: SHB Joe Gardner
|
0-0: Ball 1-0: Ball 2-0: Foul Ball, location: 2F 2-1: Ground out U3 (Groundball, 34S, EV 91.2 MPH)
|
|
Batting: SHB Jason Woods
|
0-0: Foul Ball, location: 2F 0-1: Called Strike 0-2: Ball 1-2: SINGLE (Groundball, 56, EV 98.1 MPH)
|
|
Batting: LHB Jack Christie
|
0-0: Called Strike 0-1: Foul Ball, location: 2F 0-2: Strikes out looking
|
| Bottom of the 1st over - 0 runs, 1 hit, 0 errors, 1 left on base; California 0 - Houston 0 |
| TOP OF THE 2ND |
|
California Angels batting - Pitching for Houston Astros : LHP Mat Pear
|
|
Batting: RHB Preston Deakyne
|
0-0: Ball 1-0: Swinging Strike 1-1: Foul Ball, location: 2F 1-2: Strikes out swinging
|
|
Batting: RHB Ruben Velasco
|
0-0: Ball 1-0: Ball 2-0: Ball 3-0: Called Strike 3-1: Called Strike 3-2: Base on Balls
|
|
Batting: RHB Bjoern Waltersson
|
0-0: Swinging Strike 0-1: Ball 1-1: Ball 2-1: SINGLE (Line Drive, 34D, EV 105.0 MPH) Ruben Velasco to second
|
|
Batting: RHB Avery Maxwell
|
0-0: Ball 1-0: Swinging Strike 1-1: Ball 2-1: Swinging Strike 2-2: Foul Ball, location: 2F 2-2: Strikes out looking
|
|
Batting: RHB Mike Harkins
|
0-0: Called Strike 0-1: Foul Ball, location: 2F 0-2: Ball 1-2: Foul Ball, location: 2F 1-2: Ball 2-2: Foul Ball, location: 2F 2-2: Strikes out swinging
|
| Top of the 2nd over - 0 runs, 1 hit, 0 errors, 2 left on base; California 0 - Houston 0 |
| BOTTOM OF THE 2ND |
|
Houston Astros batting - Pitching for California Angels : RHP Danny White
|
|
Batting: SHB Rich Chavez
|
0-0: Fly out, F9 (Flyball, 9, EV 85.6 MPH)
|
|
Batting: RHB Jeremy Trump
|
0-0: Swinging Strike 0-1: Ball 1-1: SINGLE (Flyball, 56D, EV 88.8 MPH)
|
|
Batting: RHB Eric Chotkowski
|
0-0: Swinging Strike 0-1: Swinging Strike 0-2: Foul Ball, location: 2F 0-2: Strikes out swinging
|
|
Batting: RHB Danny Merrill
|
0-0: Called Strike 0-1: Ball 1-1: Called Strike Jeremy Trump is caught stealing 2nd base 2-4
|
| Bottom of the 2nd over - 0 runs, 1 hit, 0 errors, 0 left on base; California 0 - Houston 0 |
| TOP OF THE 3RD |
|
California Angels batting - Pitching for Houston Astros : LHP Mat Pear
|
|
Batting: RHB Luis Romero
|
0-0: Ball 1-0: Foul Ball, location: 2F 1-1: Foul Ball, location: 2F 1-2: Fly out, F7 (Flyball, 78D, EV 103.8 MPH)
|
|
Batting: RHB Alain Delhaye
|
0-0: Ball 1-0: Called Strike 1-1: Called Strike 1-2: Fly out, F6 (Popup, 6MS, EV 76.9 MPH)
|
|
Batting: RHB Nick Dunn
|
0-0: Swinging Strike 0-1: Fly out, F8 (Flyball, 78XD, EV 95.6 MPH)
|
| Top of the 3rd over - 0 runs, 0 hits, 0 errors, 0 left on base; California 0 - Houston 0 |
| BOTTOM OF THE 3RD |
|
Houston Astros batting - Pitching for California Angels : RHP Danny White
|
|
Batting: RHB Danny Merrill
|
0-0: Ball 1-0: Ground out U3 (Groundball, 3, EV 79.4 MPH)
|
|
Batting: SHB Bryan Johnston
|
0-0: Called Strike 0-1: Called Strike 0-2: Ball 1-2: Strikes out swinging
|
|
Batting: LHB Eric Katz
|
0-0: TRIPLE (Flyball, 8LXD, EV 110.6 MPH)
|
|
Batting: SHB Joe Gardner
|
0-0: Ball 1-0: Foul Ball, location: 2F 1-1: Called Strike 1-2: Ground out 6-3 (Groundball, 6, EV 86.2 MPH)
|
| Bottom of the 3rd over - 0 runs, 1 hit, 0 errors, 1 left on base; California 0 - Houston 0 |
| TOP OF THE 4TH |
|
California Angels batting - Pitching for Houston Astros : LHP Mat Pear
|
|
Batting: LHB Rusty Ney
|
0-0: Ball 1-0: Called Strike 1-1: Ball 2-1: Ground out 6-3 (Groundball, 56, EV 90.0 MPH)
|
|
Batting: RHB Preston Deakyne
|
0-0: Called Strike 0-1: Called Strike 0-2: Ball 1-2: Ball 2-2: SINGLE (Line Drive, 9LS, EV 109.4 MPH)
|
|
Batting: RHB Ruben Velasco
|
0-0: Ball 1-0: Ball 2-0: Grounds into double play, 6-4-3 (Groundball, 6, EV 99.4 MPH)
|
| Top of the 4th over - 0 runs, 1 hit, 0 errors, 0 left on base; California 0 - Houston 0 |
| BOTTOM OF THE 4TH |
|
Houston Astros batting - Pitching for California Angels : RHP Danny White
|
|
Batting: SHB Jason Woods
|
0-0: Called Strike 0-1: Ball 1-1: Swinging Strike 1-2: Foul Ball, location: 2F 1-2: Foul Ball, location: 2F 1-2: Foul Ball, location: 2F 1-2: Foul Ball, location: 2F 1-2: Fly out, F9 (Line Drive, 9S, EV 95.6 MPH)
|
|
Batting: LHB Jack Christie
|
0-0: SINGLE (Groundball, 56D, EV 98.1 MPH)
|
|
Batting: SHB Rich Chavez
|
0-0: Called Strike 0-1: Fly out, F9 (Flyball, 9, EV 90.0 MPH)
|
|
Batting: RHB Jeremy Trump
|
0-0: Ball 1-0: Called Strike 1-1: Ball 2-1: DOUBLE (Flyball, 78XD, EV 108.8 MPH) Jack Christie to third Runner from 3rd tries for Home, SAFE, no throw by LF
|
|
Batting: RHB Eric Chotkowski
|
0-0: Called Strike 0-1: Swinging Strike 0-2: Ball 1-2: Strikes out looking
|
| Bottom of the 4th over - 1 run, 2 hits, 0 errors, 1 left on base; California 0 - Houston 1 |
| TOP OF THE 5TH |
|
California Angels batting - Pitching for Houston Astros : LHP Mat Pear
|
|
Batting: RHB Bjoern Waltersson
|
0-0: Ball 1-0: Fly out, F7 (Flyball, 78S, EV 90.0 MPH)
|
|
Batting: RHB Avery Maxwell
|
0-0: Foul Ball, location: 2F 0-1: Ball 1-1: Ball 2-1: Called Strike 2-2: Foul Ball, location: 2F 2-2: Ball 3-2: Foul Ball, location: 2F SINGLE, rundown, out at 1st!
|
|
Batting: RHB Mike Harkins
|
0-0: Ball 1-0: Ball 2-0: Ball 3-0: Foul Ball, location: 2F 3-1: Called Strike 3-2: Foul Ball, location: 2F 3-2: Base on Balls
|
|
Batting: RHB Luis Romero
|
0-0: Ball 1-0: Called Strike 1-1: Ball 2-1: Foul Ball, location: 2F 2-2: Ball 3-2: Base on Balls Mike Harkins to second
|
|
Batting: RHB Alain Delhaye
|
0-0: Ball 1-0: Ball 2-0: SINGLE (Groundball, 5S, EV 64.4 MPH) (infield hit) Mike Harkins to third Luis Romero to second
|
|
Batting: RHB Nick Dunn
|
0-0: Ball 1-0: Foul Ball, location: 2F 1-1: Swinging Strike 1-2: Ball 2-2: SINGLE (Line Drive, 34D, EV 103.1 MPH) Mike Harkins scores Luis Romero to third Alain Delhaye to second Runner from 3rd tries for Home, SAFE, throw by RF to home
|
|
Batting: LHB Rusty Ney
|
0-0: Ball 1-0: Called Strike 1-1: Ball 2-1: Fly out, F8 (Flyball, 8LM, EV 83.1 MPH)
|
| Top of the 5th over - 2 runs, 3 hits, 0 errors, 2 left on base; California 2 - Houston 1 |
| BOTTOM OF THE 5TH |
|
Houston Astros batting - Pitching for California Angels : RHP Danny White
|
|
Batting: RHB Danny Merrill
|
0-0: Called Strike 0-1: Ball 1-1: Ball 2-1: Foul Ball, location: 2F 2-2: Ball 3-2: Fly out, F7 (Flyball, 78M, EV 90.6 MPH)
|
|
Batting: SHB Bryan Johnston
|
0-0: Ball 1-0: Ball 2-0: SINGLE (Groundball, 6M, EV 96.2 MPH) (infield hit)
|
|
Batting: LHB Eric Katz
|
0-0: Grounds into double play, 4-6-3 (Groundball, 34, EV 97.5 MPH)
|
| Bottom of the 5th over - 0 runs, 1 hit, 0 errors, 0 left on base; California 2 - Houston 1 |
| TOP OF THE 6TH |
|
California Angels batting - Pitching for Houston Astros : LHP Mat Pear
|
|
Batting: RHB Preston Deakyne
|
0-0: SINGLE (Flyball, 7LS, EV 88.8 MPH)
|
|
Batting: RHB Ruben Velasco
|
0-0: Called Strike 0-1: Foul Ball, location: 2F 0-2: Ball 1-2: Ball 2-2: Foul Ball, location: 2F 2-2: Foul Ball, location: 2LF, Error on foul ball, E2 2-2: Foul Ball, location: 2F 2-2: Fly out, F8 (Flyball, 8LXD, EV 101.9 MPH)
|
|
Pitching: RHP Josh Holloway
|
|
|
Batting: RHB Bjoern Waltersson
|
0-0: Ball 1-0: Called Strike 1-1: DOUBLE (Flyball, 78XD, EV 101.2 MPH) Preston Deakyne to third Runner from 3rd tries for Home, throw by LF and OUT! 7-6-2
|
|
Batting: RHB Avery Maxwell
|
0-0: Ball 1-0: Fly out, F7 (Flyball, 78D, EV 93.8 MPH)
|
| Top of the 6th over - 0 runs, 2 hits, 1 error, 1 left on base; California 2 - Houston 1 |
| BOTTOM OF THE 6TH |
|
Houston Astros batting - Pitching for California Angels : RHP Danny White
|
|
Batting: SHB Joe Gardner
|
0-0: Called Strike 0-1: SINGLE (Groundball, 56D, EV 103.1 MPH) (infield hit)
|
|
Batting: SHB Jason Woods
|
0-0: Called Strike 0-1: Ball 1-1: Grounds into double play, 4-6-3 (Groundball, 4, EV 85.6 MPH)
|
|
Batting: LHB Jack Christie
|
0-0: Foul Ball, location: 2F 0-1: Foul Ball, location: 2F 0-2: Ball 1-2: Foul Ball, location: 2F 1-2: Foul Ball, location: 2F 1-2: Ball 2-2: Fly out, F6 (Line Drive, 6, EV 70.0 MPH)
|
| Bottom of the 6th over - 0 runs, 1 hit, 0 errors, 0 left on base; California 2 - Houston 1 |
| TOP OF THE 7TH |
|
California Angels batting - Pitching for Houston Astros : RHP Josh Holloway
|
|
Batting: RHB Mike Harkins
|
0-0: Fly out, F7 (Flyball, 7D, EV 106.2 MPH)
|
|
Batting: RHB Luis Romero
|
0-0: Ball 1-0: Called Strike 1-1: Ball 2-1: Foul Ball, location: 2F 2-2: SINGLE (Groundball, 6M, EV 97.5 MPH)
|
|
Batting: RHB Alain Delhaye
|
0-0: Ball 1-0: Ball 2-0: Called Strike 2-1: Foul Ball, location: 2F 2-2: Hit by Pitch Luis Romero to second
|
|
Batting: RHB Nick Dunn
|
0-0: Ball 1-0: Fly out, F6 (Popup, 6M, EV 72.5 MPH)
|
|
Batting: LHB Rusty Ney
|
0-0: Ground out 4-3 (Groundball, 4, EV 78.8 MPH)
|
| Top of the 7th over - 0 runs, 1 hit, 0 errors, 2 left on base; California 2 - Houston 1 |
| BOTTOM OF THE 7TH |
|
Houston Astros batting - Pitching for California Angels : RHP Danny White
|
|
Batting: SHB Rich Chavez
|
0-0: Ball 1-0: SOLO HOME RUN (Flyball, 9LD, EV 96.2 MPH), Distance : 343 ft
|
|
Batting: RHB Jeremy Trump
|
0-0: Ball 1-0: Called Strike 1-1: Ball 2-1: Fly out, F9 (Flyball, 9D, EV 92.5 MPH)
|
|
Batting: RHB Eric Chotkowski
|
0-0: Foul Ball, location: 2F 0-1: Swinging Strike 0-2: Ball 1-2: Ball 2-2: Foul Ball, location: 2F 2-2: Strikes out swinging
|
|
Batting: RHB Danny Merrill
|
0-0: Swinging Strike 0-1: Called Strike 0-2: Ball 1-2: Ball 2-2: Ground out 6-3 (Groundball, 6S, EV 70.6 MPH)
|
| Bottom of the 7th over - 1 run, 1 hit, 0 errors, 0 left on base; California 2 - Houston 2 |
| TOP OF THE 8TH |
|
California Angels batting - Pitching for Houston Astros : RHP Josh Holloway
|
|
Pitching: RHP Aaron Shapiro
|
|
|
Batting: RHB Preston Deakyne
|
0-0: Ball 1-0: Ball 2-0: Ball 3-0: Called Strike 3-1: Swinging Strike 3-2: Base on Balls
|
|
Batting: RHB Ruben Velasco
|
0-0: Ball 1-0: Ball 2-0: Foul Ball, location: 2F 2-1: Foul Ball, location: 2F 2-2: Ball 3-2: Foul Ball, location: 2F 3-2: Foul Ball, location: 2F 3-2: DOUBLE (Line Drive, 3D, EV 102.5 MPH) Preston Deakyne to third
|
|
Batting: RHB Bjoern Waltersson
|
0-0: Intentional Walk
|
|
Batting: RHB Avery Maxwell
|
0-0: Ball 1-0: Ball 2-0: Foul Ball, location: 2F 2-1: Foul Ball, location: 2F 2-2: SINGLE (Groundball, 6MD, EV 95.6 MPH) Preston Deakyne scores Ruben Velasco to third Bjoern Waltersson to second Runner from 3rd tries for Home, SAFE, throw by CF to home
|
|
Pinch Hitting: LHB Micah Miller
|
0-0: Bunted foul 0-1: Sac Bunt to P - play at first, batter OUT! 1-4 Bjoern Waltersson to third Avery Maxwell to second
|
|
Batting: RHB Luis Romero
|
0-0: Ball Passed Ball! Bjoern Waltersson scores Avery Maxwell to third 1-0: Ball 2-0: Foul Ball, location: 2F 2-1: Ball 3-1: SINGLE (Flyball, 34D, EV 86.9 MPH) Avery Maxwell scores
|
|
Pitching: LHP Brian Thomas
|
|
|
Batting: RHB Alain Delhaye
|
0-0: Ball 1-0: Ball 2-0: Grounds into double play, 6-4-3 (Groundball, 6, EV 90.0 MPH)
|
| Top of the 8th over - 4 runs, 3 hits, 0 errors, 0 left on base; California 6 - Houston 2 |
| BOTTOM OF THE 8TH |
|
Houston Astros batting - Pitching for California Angels : RHP Danny White
|
|
Pitching: RHP Dave Jackson
|
|
|
Now at SS: Javier Trujillo
|
|
|
Batting: SHB Bryan Johnston
|
0-0: Foul Ball, location: 2F 0-1: Ball 1-1: Ball 2-1: Called Strike 2-2: Strikes out swinging
|
|
Batting: LHB Eric Katz
|
0-0: Ball 1-0: Swinging Strike 1-1: Ball 2-1: Swinging Strike 2-2: Foul Ball, location: 2F 2-2: Strikes out looking
|
|
Batting: SHB Joe Gardner
|
0-0: Single, Error in OF, E8, batter to second base (Groundball, 6M, EV 110.0 MPH)
|
|
Batting: SHB Jason Woods
|
0-0: Foul Ball, location: 2F 0-1: Ball 1-1: Ball 2-1: Fly out, F9 (Flyball, 89S, EV 88.1 MPH)
|
| Bottom of the 8th over - 0 runs, 1 hit, 1 error, 1 left on base; California 6 - Houston 2 |
| TOP OF THE 9TH |
|
California Angels batting - Pitching for Houston Astros : LHP Brian Thomas
|
|
Batting: RHB Nick Dunn
|
0-0: Swinging Strike 0-1: Ball 1-1: Ball 2-1: Foul Ball, location: 2F 2-2: Strikes out swinging
|
|
Batting: LHB Rusty Ney
|
0-0: Called Strike 0-1: Called Strike 0-2: Strikes out looking
|
|
Batting: RHB Preston Deakyne
|
0-0: Ball 1-0: Fly out, F4 (Line Drive, 4M, EV 70.6 MPH)
|
| Top of the 9th over - 0 runs, 0 hits, 0 errors, 0 left on base; California 6 - Houston 2 |
| BOTTOM OF THE 9TH |
|
Houston Astros batting - Pitching for California Angels : RHP Dave Jackson
|
|
Batting: LHB Jack Christie
|
0-0: Ball 1-0: Foul Ball, location: 2F 1-1: Swinging Strike 1-2: Ground out 5-3 (Groundball, 5, EV 84.4 MPH)
|
|
Batting: SHB Rich Chavez
|
0-0: Called Strike 0-1: Fly out, F9 (Line Drive, 89M, EV 90.6 MPH)
|
|
Batting: RHB Jeremy Trump
|
0-0: Ground out 6-3 (Groundball, P, EV 88.1 MPH)
|
| Bottom of the 9th over - 0 runs, 0 hits, 0 errors, 0 left on base; California 6 - Houston 2 |
|